 Dungeon Crawl Stone Soup version bcrawl-1.18.1 (webtiles) character file.

Game seed: 17879255452667405513

2860 Morbidden the Ruffian (level 9, -4/83 HPs)
             Began as a Troll Transmuter on Nov 8, 2019.
             Was an Elder of Okawaru.
             Slain by a troll (14 damage)
             ... on level 7 of the Dungeon.
             The game lasted 00:10:14 (5371 turns).

Morbidden the Ruffian (Troll Transmuter)            Turns: 5371, Time: 00:10:15

Health: -4/83      AC:  9    Str: 20    XL:     9   Next: 47%
Magic:  21/22      EV: 11    Int: 13    God:    Okawaru [****..]
Gold:   383        SH:  0    Dex: 10    Spells: 9/15 levels left

rFire    . . .     SeeInvis .     - Unarmed
rCold    . . .     Gourm    +   (no shield)
rNeg     . . .     Faith    .   (armour unavailable)
rPois    .         Spirit   .   h - +1 hat
rElec    .         Reflect  .   (no cloak)
rCorr    .         Harm     .   (gloves unavailable)
MR       .....                  (boots unavailable)
Stlth    +.........             (no amulet)
HPRegen  0.63/turn              v - ring of magical power
MPRegen  0.18/turn              (no ring)

@: appendage
A: large, almost no armour, unfitting armour, claws 3, horns 2, fast metabolism
3, gourmand, regeneration 1, AC +8
a: End Transformation, Heroism, Renounce Religion


You were on level 7 of the Dungeon.
You worshipped Okawaru.
Okawaru was greatly pleased with you.
You were very full.
You had grown temporary horns.
You visited 1 branch of the dungeon, and saw 7 of its levels.

You collected 383 gold pieces.

Inventory:

Missiles
 a - 1456 arrows
 y - 66 javelins (quivered)
Armour
 h - a +1 hat (worn)
Jewellery
 j - an uncursed ring of fire
 v - a ring of magical power (left claw)
Wands
 x - a wand of enslavement (6)
 D - a wand of disintegration (8)
Scrolls
 b - a scroll of enchant armour {unknown}
 c - a scroll of amnesia {unknown}
 g - 2 scrolls of fog {unknown}
 i - 2 scrolls of fear
 k - 3 scrolls of teleportation
 m - a scroll of blinking {unknown}
 n - a scroll of enchant weapon {unknown}
 o - 7 scrolls of identify
 q - a scroll of noise {unknown}
 s - 2 scrolls of immolation {unknown}
 t - 2 scrolls of remove curse {unknown}
 w - 2 scrolls of magic mapping {unknown}
Potions
 e - 2 potions of haste {unknown}
 f - 3 potions of mutation
 l - a potion of ambrosia {unknown}
 p - a potion of might {unknown}
 r - a potion of flight
 u - a potion of brilliance {unknown}
 z - a potion of degeneration {unknown}
 A - a potion of heal wounds
 B - a potion of agility {unknown}
Comestibles
 d - 9 rations {!d}


   Skills:
 * Level 3.4 Fighting
 * Level 4.4 Dodging
 + Level 0.9 Stealth
 + Level 7.4 Unarmed Combat
 * Level 3.5 Spellcasting
 * Level 3.7 Transmutations
 - Level 3.2 Poison Magic
 * Level 4.3 Invocations


You had 9 spell levels left.
You knew the following spells:

 Your Spells              Type           Power        Failure   Level  Hunger
a - Beastly Appendage     Tmut           ##....       4%          1    #......
b - Sticks to Snakes      Tmut           ##......     7%          2    ##.....
c - Spider Form           Tmut/Pois      ##.          16%         3    ###....

Your spell library contained the following spells:

 Spells                   Type           Power        Failure   Level  Hunger
 Magic Dart               Conj           #...         22%         1    #......
 Blink                    Tloc           N/A          32%         2    ##.....
 Call Imp                 Summ           #.....       32%         2    ##.....
 Mephitic Cloud           Conj/Pois/Air  #.......     38%         3    ###....
 Conjure Flame            Conj/Fire      #.......     54%         3    ###....
 Ice Form                 Ice/Tmut       #.......     69%         4    #####..
 Blade Hands              Tmut           ##........   78%         5    ######.


Dungeon Overview and Level Annotations

Branches:
Dungeon (7/12)             Temple (0/1) D:5
   Lair: D:7-9

Altars:
Cheibriados
Kikubaaqudgha
Okawaru
Qazlal
Uskayaw
Xom
Yredelemnul

Shops:
D:4 (   D:5 [

Annotations:
D:5 2 transporters, SirMumm's ghost, novice GrWz
D:6 2 transporters, Banto's ghost, novice OpTm


Innate Abilities, Weirdness & Mutations

You cannot wear most types of armour.
Your thick skin is tough. (AC +8)
You are too large for most types of armour.
You have claws for hands.
Your metabolism is lightning-fast.
You like to eat raw meat.
Your natural rate of healing is unusually fast.
You have a pair of horns on your head.


Message History

You are too injured to fight recklessly!
You are too injured to fight recklessly!
Unknown command.
You are too injured to fight recklessly!
Unknown command.
You closely miss the troll. Your claw misses the troll.
The troll is almost dead.
The troll closely misses you. x2; The troll claws you.
You barely miss the troll.
The troll is almost dead.
The troll bites you!
* * * LOW HITPOINT WARNING * * *
The troll claws you!
* * * LOW HITPOINT WARNING * * *
The troll barely misses you.
Unknown command.
You barely miss the troll.
The troll is almost dead.
The troll bites you!
You die...

####.# ###..#.#
....#.# #...#.###
##.......
.#####...##.#######
...........<.......
.##...)..#..#######
#.####@#..#
........T..#
!.....[..#.##
........#.#
........#.#
........#.#
........# ........#


You could see a troll.

Vanquished Creatures
  A cyclops (D:6)
  A manticore (D:6)
  An ice beast (D:6)
  2 orc warriors (D:6)
  5 ogres
  A necrophage (D:6)
  3 centaurs
  A scorpion (D:6)
  3 crimson imps
  A bullfrog zombie (D:6)
  A centaur zombie (D:5)
  2 hounds
  A jelly (D:6)
  2 orc priests
  2 orc wizards
  A bullfrog skeleton (D:5)
  An iguana (D:4)
  5 worker ants
  2 hound skeletons
  2 worker ant zombies (D:6)
  Robin (D:3)
  6 gnolls
  A howler monkey skeleton (D:4)
  10 adders
  2 shadow imps
  An ooze (D:4)
  An adder skeleton (D:4)
  4 worms
  3 dart slugs
  4 leopard geckos
  20 orcs
  2 giant cockroaches
  19 goblins
  13 hobgoblins
  9 jackals
  9 kobolds
  2 quokkas
  A ball python (D:1)
  7 bats
  4 frilled lizards
  A jackal skeleton (D:5)
  3 quokka skeletons
  7 rats
168 creatures vanquished.

Notes
Turn   | Place    | Note
-------+----------+-------------------------------------------
     0 | D:1      | Morbidden the Troll Transmuter began the quest for the Orb.
     0 | D:1      | Reached XP level 1. HP: 18/18 MP: 2/2
   183 | D:1      | Reached XP level 2. HP: 25/26 MP: 1/3
   445 | D:1      | Reached skill level 1 in Fighting
   493 | D:1      | Learned a level 2 spell: Sticks to Snakes
   831 | D:1      | Reached XP level 3. HP: 33/33 MP: 4/4
  1244 | D:2      | Found an iron altar of Okawaru.
  1306 | D:2      | Became a worshipper of Warmaster Okawaru
  1842 | D:3      | Gained mutation: Your natural rate of healing is unusually
                  | fast. [Troll growth]
  1842 | D:3      | Reached XP level 4. HP: 36/41 MP: 3/5
  2005 | D:3      | Learned a level 3 spell: Spider Form
  2014 | D:3      | Found a shimmering altar of Xom.
  2040 | D:3      | Noticed Robin
  2065 | D:3      | Killed Robin
  2065 | D:3      | Reached skill level 1 in Invocations
  2065 | D:3      | Reached XP level 5. HP: 42/48 MP: 4/6
  2102 | D:3      | Noticed an ogre
  2120 | D:3      | Killed an ogre
  2120 | D:3      | Reached * piety under Okawaru
  2120 | D:3      | Reached skill level 4 in Unarmed Combat
  2251 | D:3      | Found an ancient bone altar of Kikubaaqudgha.
  2486 | D:3      | Reached XP level 6. HP: 34/55 MP: 6/8
  2858 | D:3      | Reached skill level 1 in Poison Magic
  3095 | D:4      | Found Onyimu Niono's Antique Weapon Shoppe.
  3123 | D:4      | Found a stormy altar of Qazlal.
  3251 | D:4      | Found a snail-covered altar of Cheibriados.
  3727 | D:5      | Entered Level 5 of the Dungeon
  3761 | D:4      | Reached XP level 7. HP: 42/63 MP: 9/9
  3772 | D:4      | Reached ** piety under Okawaru
  3806 | D:5      | Reached skill level 5 in Unarmed Combat
  3962 | D:5      | Found a transporter.
  3965 | D:5      | Found a transporter.
  3966 | D:5      | Noticed SirMumm's ghost (novice GrWz)
  4027 | D:5      | Noticed a hornet
  4176 | D:5      | Found a staircase to the Ecumenical Temple.
  4228 | D:5      | Found Waloof's Antique Armour Boutique.
  4291 | D:5      | Reached XP level 8. HP: 72/72 MP: 10/10
  4417 | D:6      | Reached *** piety under Okawaru
  4419 | D:6      | Reached skill level 6 in Unarmed Combat
  4495 | D:6      | Found a hide-covered altar of Uskayaw.
  4522 | D:6      | Noticed a cyclops
  4669 | D:6      | Killed a cyclops
  4722 | D:6      | Found a transporter.
  4722 | D:6      | Noticed a queen bee
  4723 | D:6      | Found Toykle's Weapon Shop.
  4725 | D:6      | Found a transporter.
  4744 | D:6      | Noticed Banto's ghost (novice OpTm)
  4775 | D:6      | Reached **** piety under Okawaru
  4791 | D:6      | Found an iron altar of Okawaru.
  4879 | D:6      | Reached XP level 9. HP: 76/81 MP: 12/12
  4902 | D:6      | Found a basalt altar of Yredelemnul.
  4920 | D:6      | Noticed a manticore
  4956 | D:6      | Killed a manticore
  4956 | D:6      | Reached skill level 7 in Unarmed Combat
  5358 | D:7      | Noticed a troll
  5371 | D:7      | Slain by a troll

Skill      XL: |  1  2  3  4  5  6  7  8  9 |
---------------+----------------------------+-----
Fighting       | 1 2 3 |  3.4
Dodging        | 2 3 4 |  4.4
Transmutations | 2 3 |  3.7
Invocations    | 1 2 3 4 |  4.3
Unarmed Combat | 4 5 6 7 |  7.4
Spellcasting   | 2 3 |  3.5
Poison Magic   | 1 2 3 |  3.2
Stealth        | |  0.9

Action                   |  1- 3 |  4- 6 |  7- 9 || total
-------------------------+-------+-------+-------++-------
Melee: Unarmed           |   136 |   179 |   209 ||   524
       Kick              |     4 |     9 |    13 ||    26
       Headbutt          |     4 |     3 |     7 ||    14
       Punch             |       |     1 |     3 ||     4
 Cast: Beastly Appendage |    23 |    17 |    12 ||    52
       Spider Form       |       |     1 |    11 ||    12
Invok: Heroism           |       |     1 |     2 ||     3
  Use: Scroll            |       |     2 |     3 ||     5
       Potion            |       |     1 |     3 ||     4
 Stab: Invisible         |       |       |     2 ||     2
  Eat: Chunk             |    18 |    11 |    13 ||    42
Armor: Skin              |    81 |    63 |    68 ||   212
Dodge: Dodged            |    98 |   100 |   196 ||   394
